 Dungeon Crawl Stone Soup version 0.31-a0-963-ga325b2283a (webtiles) character file.

Game seed: 11135512221042654143

1047 Xavori the Trooper (level 8, -2/58 HPs)
             Began as a Djinni Chaos Knight on Oct 24, 2023.
             Was a Plaything of Xom.
             Slain by an ice beast (5 damage)
             ... summoned by Xom
             ... on level 5 of the Dungeon.
             The game lasted 00:05:23 (5209 turns).

Xavori the Trooper (Djinni Chaos Knight)            Turns: 5209, Time: 00:05:24

Health: -2/58      AC:  5    Str: 10    XL:     8   Next: 50%
Gold:   289        EV: 13    Int: 18    God:    Xom [......] SH:  4 Dex: 12

rFire   + + .        a - +1 falchion (chaos)
rCold   + . .        (no shield)
rNeg    . . .        b - +2 leather armour
rPois   ∞            (helmet restricted)
rElec   .            (no cloak)
rCorr   .            (no gloves)
SInv    +            (boots unavailable)
Will    ++...        v - amulet of Erecki {RegenMP rC+}
Stlth   +            o - ring of protection from cold
HPRegen 0.29/turn    (no ring)
MPRegen 0.00/turn

%: infuse magic (-3 HP)
@: flying
A: sickness immunity, fire resistance 2, cold vulnerability 1, float, innate
caster, HP casting, extra vitality 1, antennae 1, fangs 1, large bone plates 1,
see invisible, clever 1, clumsy 1, strong-willed 2, sturdy frame 1
a: Renounce Religion


You were on level 5 of the Dungeon.
You worshipped Xom.
You were a very special plaything of Xom.
You visited 1 branch of the dungeon, and saw 5 of its levels.

You collected 289 gold pieces.

Inventory:

Hand Weapons
 a - a +1 falchion of chaos (weapon)
Armour
 b - a +2 leather armour (worn)
Jewellery
 o - a ring of protection from cold (left hand)
 v - the amulet of Erecki (around neck) {RegenMP rC+}
   (You found it on level 4 of the Dungeon)

   [amulet of magic regeneration]

   RegenMP:   It increases your rate of magic regeneration.
   rC+:       It protects you from cold.
Wands
 r - a wand of paralysis (16)
 s - a wand of mindburst (11)
Scrolls
 c - 2 scrolls of butterflies
 d - a scroll of torment
 e - 2 scrolls of teleportation
 h - a scroll of revelation
 j - a scroll of enchant weapon
 k - a scroll of vulnerability {unknown}
 l - a scroll of fear {unknown}
 n - a scroll of enchant armour {unknown}
 u - a scroll of noise {unknown}
Potions
 f - a potion of heal wounds {unknown}
 i - 3 potions of magic {unknown}
 m - a potion of resistance {unknown}
 p - a potion of enlightenment {unknown}
 q - a potion of berserk rage {unknown}


   Skills:
 + Level 4.9 Fighting
 + Level 4.5 Long Blades
 + Level 3.9 Armour
 + Level 4.8 Dodging
 * Level 3.3 Spellcasting
 * Level 3.3 Conjurations
 * Level 3.3 Hexes
   Level 0.0 Charms
 * Level 3.3 Summonings
 * Level 3.3 Necromancy
 * Level 3.3 Translocations
 * Level 3.3 Transmutations
 * Level 3.3 Fire Magic
 * Level 3.3 Ice Magic
 * Level 3.3 Air Magic
 * Level 3.3 Earth Magic
 * Level 3.3 Poison Magic


You knew the following spells:

 Your Spells              Type           Power      Damage    Failure   Level
a - Slow                  Hex            60%        N/A       4%          1
b - Searing Ray           Conj           30%        2d5       6%          2
c - Ignite Poison         Fire/Tmut/Pois 15%        N/A       13%         3
Your spell library was empty.

Dungeon Overview and Level Annotations

Branches:
Dungeon (5/15)             Temple (0/1) D:4

Altars:
Ashenzari
Nemelex Xobeh
Okawaru
Uskayaw
Xom

Shops:
D:2 [   D:3 [


Innate Abilities, Weirdness & Mutations

You are immune to sickness and miasma.
You are immune to poison.
Your flesh is very heat resistant. (rF++)
You are vulnerable to cold. (rC-)
You float through the air rather than walking.
You learn spells naturally, not from books.
Your magical power is your life essence.
You have superior vitality. (+4 MHP)
You have a pair of small antennae on your head.
You have very sharp teeth.
You are partially covered in large bone plates. (SH +4)
You have supernaturally acute eyesight. (SInv)
Your mind is acute. (Int +4, Str/Dex -1)
You are clumsy. (Dex -2)
You are highly strong-willed. (Will++)
Your movements are slightly less encumbered by armour. (ER -2)


Message History

The ice beast closely misses you.
You hit the ice beast.
The ice beast resists with some effort.
The ice beast is lightly wounded.
The ice beast hits you.
* * * LOW HITPOINT WARNING * * *
The ice beast freezes you. You resist.
* * * LOW HITPOINT WARNING * * *
You hit the ice beast.
The ice beast is moderately wounded.
The ice beast hits you but does no damage.
You hit the ice beast.
The ice beast is moderately wounded.
You block the ice beast's attack.
You barely miss the ice beast.
The ice beast is moderately wounded.
The ice beast hits you but does no damage.
You hit the ice beast but do no damage.
The ice beast is moderately wounded.
The ice beast closely misses you.
The ice beast hits you but does no damage.
You hit the ice beast. You drain the ice beast.
The ice beast is severely wounded.
The ice beast hits you but does no damage.
You hit the ice beast.
The ice beast seems to speed up.
The ice beast is severely wounded.
The ice beast closely misses you.
You hit the ice beast.
You melt the ice beast.
The ice beast is almost dead.
The ice beast hits you.
* * * LOW HITPOINT WARNING * * *
The ice beast freezes you. You resist.
* * * LOW HITPOINT WARNING * * *
The ice beast closely misses you.
You closely miss the ice beast. Your bite misses the ice beast.
The ice beast is almost dead.
The ice beast hits you but does no damage.
The ice beast hits you.
* * * LOW HITPOINT WARNING * * *
The ice beast freezes you. You resist.
You die...

**
*,,,,.############)#
,*
*****#############.#
,* **#######.......#
,* *,......#.#######
,***** *,****#.#.##
,,,,,* *,* #!#..#
****,* *,* #.##.#
,,,,,* *,* #.##Y#**
********,* #..@.#,*
,,,,*,,,,****######,*
***,*,*,,,,,,,,,,,,,*
* *,*,**,**********,*
*,*,*************,***
*,*,,,,,,,,,,,,,*,,,*
*,,,,,,,*******,***,*
* *******,* *,* *,* *
*,* *****,* *,*


You could see an ice beast (summoned, fast, drained).

Vanquished Creatures
  Pikel (D:4)
  2 lemures
  A scorpion (D:4)
  2 jellies
  An orc priest (D:4)
  A gnoll bouda (D:4)
  An iguana (D:4)
  Jessica (D:3)
  3 gnolls (D:4)
  An adder (D:2)
  A dart slug (D:2)
  3 orcs (D:4)
  3 endoplasms
  3 giant cockroaches
  2 goblins (D:1)
  6 hobgoblins
  4 jackals (D:1)
  6 kobolds
  2 quokkas
  5 ball pythons
  8 bats
  6 frilled lizards
  5 rats
68 creatures vanquished.

Vanquished Creatures (collateral kills)
  Edmund (D:4)
  A scorpion (D:4)
  A hound (D:4)
  3 gnolls (D:4)
  An adder (D:4)
7 creatures vanquished.

Vanquished Creatures (others)
  A giant cockroach zombie (D:4)
1 creature vanquished.

Grand Total: 76 creatures vanquished

Notes
Turn   | Place    | Note
-------+----------+-------------------------------------------
     0 | D:1      | Xavori the Djinni Chaos Knight began the quest for the Orb.
     0 | D:1      | Reached XP level 1. HP: 20/20 MP: 0/0
    44 | D:1      | XOM: silly message
   105 | D:1      | XOM: silly message
   108 | D:1      | Reached XP level 2. HP: 23/25 MP: 0/0
   347 | D:1      | Reached XP level 3. HP: 30/30 MP: 0/0
   347 | D:1      | Learned a level 1 spell: Slow
   474 | D:1      | XOM: smoke on damage
  1017 | D:1      | XOM: noise
  1080 | D:1      | XOM: give mutations
  1080 | D:1      | Gained mutation: You have supernaturally acute eyesight.
                  | (SInv) [Xom's mischief]
  1080 | D:1      | Gained mutation: You have hidden genetic potential. [Xom's
                  | mischief]
  1080 | D:1      | Gained mutation: Your mind is acute. (Int +4, Str/Dex -1)
                  | [Xom's mischief]
  1253 | D:1      | XOM: divination: detect creatures
  1634 | D:1      | XOM: god gift: 42 gold pieces
  1829 | D:1      | XOM: cloud trail
  2048 | D:2      | XOM: silly message
  2214 | D:1      | XOM: give mutations
  2214 | D:1      | Gained mutation: You are partially covered in large bone
                  | plates. (SH +4) [Xom's grace]
  2214 | D:1      | Gained mutation: Your movements are slightly less
                  | encumbered by armour. (ER -2) [Xom's grace]
  2306 | D:1      | XOM: cloud trail
  2318 | D:2      | Reached skill level 1 in Spellcasting
  2318 | D:2      | Reached skill level 1 in Conjurations
  2318 | D:2      | Reached skill level 1 in Hexes
  2318 | D:2      | Reached skill level 1 in Summonings
  2318 | D:2      | Reached skill level 1 in Necromancy
  2318 | D:2      | Reached skill level 1 in Translocations
  2318 | D:2      | Reached skill level 1 in Transmutations
  2318 | D:2      | Reached skill level 1 in Fire Magic
  2318 | D:2      | Reached skill level 1 in Ice Magic
  2318 | D:2      | Reached skill level 1 in Air Magic
  2318 | D:2      | Reached skill level 1 in Earth Magic
  2318 | D:2      | Reached skill level 1 in Poison Magic
  2318 | D:2      | Reached XP level 4. HP: 24/35 MP: 0/0
  2325 | D:2      | Gained mutation: You are strong-willed. (Will+) [hidden
                  | potential]
  2436 | D:2      | XOM: give mutation
  2436 | D:2      | Gained mutation: You have very sharp teeth. [Xom's grace]
  2632 | D:2      | Found Lut Cuuwn's Armour Boutique.
  2894 | D:2      | XOM: scenery: create altars
  3056 | D:3      | XOM: cloud trail
  3064 | D:3      | Noticed Jessica
  3072 | D:3      | Killed Jessica
  3073 | D:3      | Reached XP level 5. HP: 38/40 MP: 0/0
  3073 | D:3      | Learned a level 2 spell: Searing Ray
  3081 | D:3      | Found a broken altar of Ashenzari.
  3081 | D:3      | XOM: 8-stop teleportation journey
  3096 | D:3      | Found Deidom's Armour Shop.
  3243 | D:3      | XOM: 1-stop teleportation journey
  3355 | D:3      | Gained mutation: You have a pair of small antennae on your
                  | head. [hidden potential]
  3355 | D:3      | Lost mutation: You have hidden genetic potential. [hidden
                  | potential expressed]
  3425 | D:3      | XOM: 6-stop teleportation journey
  3570 | D:3      | XOM: summons 4 hostile shadow creatures
  3890 | D:4      | Found an iron altar of Okawaru.
  3891 | D:4      | Noticed Edmund
  3894 | D:4      | XOM: 1-stop teleportation journey
  3899 | D:4      | XOM: scenery: create altars
  4025 | D:4      | Found a staircase to the Ecumenical Temple.
  4058 | D:4      | XOM: stat loss: -1 Dex (13/14)
  4064 | D:4      | Killed Edmund
  4065 | D:4      | Reached XP level 6. HP: 40/47 MP: 0/0
  4127 | D:4      | Reached XP level 7. HP: 36/52 MP: 0/0
  4127 | D:4      | Learned a level 3 spell: Ignite Poison
  4129 | D:4      | XOM: torment (20/52 hp)
  4285 | D:4      | Noticed Pikel
  4298 | D:3      | XOM: enchant monster (bad)
  4628 | D:4      | Found a sparkling altar of Nemelex Xobeh.
  4651 | D:4      | XOM: noise
  4664 | D:4      | Killed Pikel
  4665 | D:4      | Reached XP level 8. HP: 41/58 MP: 0/0
  4770 | D:4      | XOM: noise
  4972 | D:4      | Identified the amulet of Erecki {RegenMP rC+}
  4975 | D:4      | XOM: give mutations
  4975 | D:4      | Gained mutation: You are highly strong-willed. (Will++)
                  | [Xom's mischief]
  4975 | D:4      | Gained mutation: You are clumsy. (Dex -2) [Xom's mischief]
  5037 | D:4      | Found a hide-covered altar of Uskayaw.
  5108 | D:5      | Entered Level 5 of the Dungeon
  5139 | D:5      | Identified the +6 broad axe of Focus {venom, rPois rN+
                  | Str+3 Int+3}
  5164 | D:5      | XOM: summons 3 hostile shadow creatures
  5194 | D:5      | XOM: summons 2 hostile shadow creatures
  5209 | D:5      | Slain by an ice beast

Illustrated notes

Levels and vault maps discovered:
D:1:      minmay_arrival_open_corners, layout_loops_cross
D:2:      layout_basic, serial_shops, shop
D:3:      layout_basic, nicolae_ashenzari_skybound, serial_shops,
          nicolae_diamond_shop, uniq_jessica
D:4:      minmay_evil_eye, layout_cave_pools, overflow_temple_1_default,
          kennysheep_little_box, nicolae_uskayaw_suspiria,
          minmay_temple_entry_slanted, uniq_pikel, uniq_edmund
D:5:      layout_basic, lemuel_zombie_altar_kikubaaqudgha,
          kennysheep_orc_sif_temple, ebering_ghost_gozag

Skill      XL: |  1  2  3  4  5  6  7 |
---------------+----------------------+-----
Long Blades    | 3 4 |  4.5
Spellcasting   | 1 2 3 |  3.3
Conjurations   | 1 2 3 |  3.3
Hexes          | 1 2 3 |  3.3
Summonings     | 1 2 3 |  3.3
Necromancy     | 1 2 3 |  3.3
Translocations | 1 2 3 |  3.3
Transmutations | 1 2 3 |  3.3
Fire Magic     | 1 2 3 |  3.3
Ice Magic      | 1 2 3 |  3.3
Air Magic      | 1 2 3 |  3.3
Earth Magic    | 1 2 3 |  3.3
Poison Magic   | 1 2 3 |  3.3
Armour         | 2 3 |  3.9
Dodging        | 3 4 |  4.8
Fighting       | 4 |  4.9

Action                     |  1- 3 |  4- 6 |  7- 9 || total
---------------------------+-------+-------+-------++-------
  Melee: Falchion          |    89 |    90 |    90 ||   269
         Bite              |       |     3 |    13 ||    16
         Punch             |       |     2 |     2 ||     4
   Cast: Slow              |     5 |       |       ||     5
         Searing Ray       |       |     7 |    15 ||    22
  Evoke: Wand              |       |       |     2 ||     2
    Use: Scroll            |       |       |     5 ||     5
   Stab: Sleeping          |     1 |     1 |       ||     2
         Paralysed         |       |       |    14 ||    14
         Distracted        |       |       |     1 ||     1
 Armour: Leather armour    |    91 |    41 |    50 ||   182
  Dodge: Dodged            |    70 |    67 |    38 ||   175
  Block: Other             |     2 |    22 |    13 ||    37

Table legend: (Time is in decaauts)
 A = Elapsed time spent in this place.
 B = Non-inter-level travel time spent in this place.
 C = Inter-level travel time spent in this place.
 D = Time resting spent in this place.
 E = Time spent auto-exploring this place.
 F = Levels seen in this place.
 G = Mean time per level.
                   A        B        C        D        E       F      G
               +--------+--------+--------+--------+--------+-----+--------+
         Total |   5244 |   5084 |    160 |   1863 |   2548 |   5 | 1048.8 |
       Dungeon |   5244 |   5084 |    160 |   1863 |   2548 |   5 | 1048.8 |
               +--------+--------+--------+--------+--------+-----+--------+

Top non-repeatable levels by time:
     D:1: 2247 daAuts
     D:3: 1123 daAuts
     D:4: 966 daAuts
     D:2: 804 daAuts
     D:5: 102 daAuts
